 Dungeon Crawl Stone Soup version 0.20.0-15-g7f486f2 (webtiles) character file.

276 botchamania the Skirmisher (level 6, -14/48 HPs)
             Began as a Mummy Wanderer on June 27, 2017.
             Was an Initiate of Gozag.
             Demolished by Prince Ribbit (17 damage)
             ... on level 5 of the Dungeon.
             The game lasted 00:11:51 (4237 turns).

botchamania the Skirmisher (Mummy Wanderer)         Turns: 4237, Time: 00:11:51

Health: -14/48     AC:  4    Str: 17    XL:     6   Next: 4%
Magic:  8/8        EV: 11    Int: 11    God:    Gozag
Gold:   140        SH:  0    Dex: 12    Spells: 7/7 levels left

rFire    x . .     SeeInvis .   r - +4 long sword
rCold    + . .     Gourm    .   (no shield)
rNeg     + + +     Faith    .   s - +0 robe (curse)
rPois    ∞         Spirit   .   j - +1 helmet
rElec    .         Reflect  .   (no cloak)
rCorr    .         Harm     .   (no gloves)
MR       .....                  (no boots)
Stlth    +.........             (no amulet)
Regen    0.2/turn               (no ring)
MPRegen  0.2/turn               (no ring)

@: no status effects
A: no food or potions, fire vulnerability, cold resistance 1, negative energy
resistance 3, torment resistance, unbreathing
a: Potion Petition, Call Merchant, Bribe Branch, Renounce Religion


You were on level 5 of the Dungeon.
You worshipped Gozag.
Gozag was aware of your devotion.
You were not hungry.

You visited 2 branches of the dungeon, and saw 7 of its levels.

You collected 242 gold pieces.
You paid 102 gold pieces to Gozag.

Inventory:

Hand Weapons
 d - a +0 blowgun
 e - a +2 dagger of protection
 g - a +0 dagger
 h - a +0 spear
 k - a +0 short sword
 p - the +4 hunting sling of Gravity {freeze, -Tele rElec rPois Str+7}
   (You found it on level 4 of the Dungeon)

   It causes projectiles fired from it to freeze those they strike, causing
   extra injury to most foes and up to half again as much damage against
   particularly susceptible opponents.
   They can also slow down cold-blooded creatures.
   It affects your strength (+7).
   It insulates you from electricity.
   It protects you from poison.
   It prevents most forms of teleportation.
 r - a +4 long sword (weapon)
Missiles
 c - 22 poisoned needles
 i - 5 needles of sleeping
 m - 8 curare-tipped needles
 o - 6 tomahawks (quivered)
 q - 26 stones
Armour
 b - a +0 ring mail
 j - a +1 helmet (worn)
 s - a cursed +0 robe (worn)
 t - a scarf of resistance
Wands
 u - a wand of polymorph (9/24)
Scrolls
 l - 5 scrolls of teleportation
Potions
 f - a potion of invisibility {unknown}
Books
 a - a book of Necromancy

   Spells                             Type                      Level
   a - Pain                           Necromancy                   1
   b - Animate Skeleton               Necromancy                   1
   c - Vampiric Draining              Necromancy                   3
   d - Regeneration                   Charms/Necromancy            3
   e - Animate Dead                   Necromancy                   4
   f - Control Undead                 Necromancy                   4
Comestibles
 n - a royal jelly


   Skills:
 + Level 4.2 Fighting
 - Level 2.1(2.3) Short Blades
 + Level 1.0(1.7) Long Blades
 - Level 1.0 Polearms
   Level 1.0 Bows
 - Level 2.5 Throwing
   Level 1.0 Shields
 - Level 1.3 Spellcasting
   Level 2.0 Necromancy
   Level 1.5 Translocations


You had 7 spell levels left.
You didn't know any spells.

Dungeon Overview and Level Annotations

Branches:
Dungeon (6/15)             Temple (1/1) D:5

Altars:
Ashenzari
Cheibriados
Fedhas
Gozag
Kikubaaqudgha
Okawaru
Ru
Sif Muna
Trog
Uskayaw
Vehumet
Yredelemnul

Annotations:
D:4 OliverScoot's ghost, amateur FeMo
D:5 Prince Ribbit


Innate Abilities, Weirdness & Mutations

You do not eat or drink.
Your flesh is vulnerable to fire.
You are immune to poison.
Your flesh is cold resistant. (rC+)
You are immune to negative energy. (rN+++)
You are immune to unholy pain and torment.
You can survive without breathing.


Message History

Unknown command.
A sky beast appears from thin air!
Reactivating autopickup.
The sky beast flickers out of sight!
Deactivating autopickup; reactivate with Ctrl-A.
There is a stone staircase leading up here.
Something hits you. Something shocks you.
You climb upwards.
Level annotation: Prince Ribbit Prince Ribbit hits you!!
* * * LOW HITPOINT WARNING * * *
Prince Ribbit catches a centipede with his tongue.
Prince Ribbit blinks!
There is a stone staircase leading down here.
Unknown command.
Unknown command.
Unknown command.
Prince Ribbit hits you!
You die...
Your body crumbles into a pile of gold.

################
#.....<..@{....########
####.########F###........#
#..............#########.#
### #.##.#.######.## #.#
..# #.##.#.# #.# #.#
#.###.##.#.# #.# #.#
.........#.# #.# #.#
#.#.#.####.# #.# #.#
#.#.#.# #.# #.# #.#


You could see Prince Ribbit.

Vanquished Creatures
  A water moccasin zombie (D:6)
  An orc wizard (D:2)
  A worker ant (D:5)
  6 adders
  2 oozes
  4 worms
  5 dart slugs
  2 leopard geckos (D:1)
  3 orcs
  5 giant cockroaches
  8 goblins
  5 hobgoblins
  18 jackals
  A quokka (D:5)
  A ball python (D:2)
  3 bats
  3 frilled lizards
  4 kobolds
  A leopard gecko skeleton (D:6)
  A quokka skeleton (D:5)
  7 rats
82 creatures vanquished.

Notes
Turn   | Place    | Note
-------+----------+-------------------------------------------
     0 | D:1      | botchamania the Mummy Wanderer began the quest for the Orb.
     0 | D:1      | botchamania set off with: a book of Necromancy, a +0 ring mail, 12 poisoned needles, a +0 blowgun
     0 | D:1      | Reached XP level 1. HP: 16/16 MP: 2/2
   413 | D:1      | Reached XP level 2. HP: 22/22 MP: 4/4
  1401 | D:1      | Reached XP level 3. HP: 27/27 MP: 5/5
  1748 | D:2      | Reached skill level 1 in Polearms
  1909 | D:2      | Reached XP level 4. HP: 30/34 MP: 6/6
  2184 | D:2      | Reached skill level 3 in Fighting
  2293 | D:2      | Reached skill level 1 in Short Blades
  2373 | D:2      | Found a blossoming altar of Fedhas.
  2374 | D:2      | Found a bloodstained altar of Trog.
  2448 | D:2      | Reached XP level 5. HP: 40/41 MP: 7/7
  2786 | D:4      | Got a crystal hunting sling
  2883 | D:4      | Identified the +4 hunting sling of Gravity {freeze, -Tele rElec rPois Str+7} (You found it on level 4 of the Dungeon)
  2955 | D:4      | Noticed OliverScoot's ghost (amateur FeMo)
  2969 | D:5      | Entered Level 5 of the Dungeon
  3172 | D:5      | Found a staircase to the Ecumenical Temple.
  3212 | Temple   | Entered the Ecumenical Temple
  3437 | Temple   | Became a worshipper of Gozag Ym Sagoz the Greedy
  3515 | D:5      | Noticed Prince Ribbit
  3524 | D:5      | HP: 2/42 [Prince Ribbit (5)]
  4059 | D:6      | Reached skill level 4 in Fighting
  4059 | D:6      | Reached skill level 1 in Long Blades
  4059 | D:6      | Reached XP level 6. HP: 26/48 MP: 8/8
  4200 | D:6      | Noticed a sky beast
  4237 | D:5      | Demolished by Prince Ribbit

Skill      XL: |  1  2  3  4  5 |
---------------+----------------+-----
Throwing       | 2 |  2.5
Polearms       | 1 |  1.0
Fighting       | 3 4 |  4.2
Short Blades   | 1 2 |  2.1
Long Blades    | 1 |  1.0
Bows           | |  1.0
Shields        | |  1.0
Spellcasting   | |  1.3
Necromancy     | |  2.0
Translocations | |  1.5

Action                   |  1- 3 |  4- 6 || total
-------------------------+-------+-------++-------
Melee: Unarmed           |    16 |       ||    16
       Dagger            |    25 |   200 ||   225
       Spear             |   103 |       ||   103
       Long sword        |       |    18 ||    18
 Fire: Blowgun           |    11 |       ||    11
       Hunting sling     |       |    14 ||    14
Invok: Potion Petition   |       |     1 ||     1
Evoke: Wand              |       |     1 ||     1
  Use: Scroll            |     2 |     3 ||     5
Armor: Ring mail         |    65 |    89 ||   154
       Robe              |       |     1 ||     1
Dodge: Dodged            |    78 |   131 ||   209
       Rpst.: Long sword |       |     5 ||     5
